 Dungeon Crawl Stone Soup version 0.25-a0-598-gc9c9e4c (webtiles) character file.

Game seed: 18247037759189053931, levelgen mode: deterministic

6407 Faels the Slicer (level 11, -3/69 HPs)
             Began as a Kobold Gladiator on Mar 15, 2020.
             Was an Elder of Okawaru.
             Killed from afar by a gargoyle (20 damage)
             ... with a stone arrow
             ... on level 10 of the Dungeon.
             The game lasted 00:31:22 (8590 turns).

Faels the Slicer (Kobold Gladiator)                 Turns: 8590, Time: 00:31:23

Health: -3/69      AC: 11    Str: 12    XL:     11   Next: 18%
Magic:  13/17      EV: 22    Int: 10    God:    Okawaru [****..]
Gold:   101        SH:  0    Dex: 22    Spells: 16/18 levels left

rFire    + + .     SeeInvis .   a - +3 rapier
rCold    + . .     Gourm    .   (shield restricted)
rNeg     + . .     Faith    .   t - +1 ring mail {rF+}
rPois    +         Spirit   .   y - +0 helmet of Vexation {rC+ rN+ Regen+} (curse)
rElec    .         Reflect  .   E - +0 cloak {rPois}
rCorr    .         Harm     .   h - +1 pair of gloves {Dex+3}
MR       .....                  (no boots)
Stlth    +++++.....             (no amulet)
HPRegen  0.61/turn              b - ring of protection from fire
MPRegen  0.15/turn              (no ring)

@: heroism
A: small, carnivore, mutation resistance 1
a: Heroism, Renounce Religion


You were on level 10 of the Dungeon.
You worshipped Okawaru.
Okawaru was greatly pleased with you.
You were very full.

You visited 2 branches of the dungeon, and saw 11 of its levels.

You collected 547 gold pieces.
You spent 446 gold pieces at shops.

Inventory:

Hand Weapons
 a - a +3 rapier (weapon)
 m - a +1 dagger of venom
 H - a +0 dagger of distortion
 I - the +7 war axe "Tonki" {freeze, rElec rN+}
   (You found it on level 6 of the Dungeon)

   It has been specially enchanted to freeze those struck by it, causing extra
   injury to most foes and up to half again as much damage against particularly
   susceptible opponents.
   It can also slow down cold-blooded creatures.
   It insulates you from electricity.
   It protects you from negative energy.
 J - a +2 dagger of holy wrath
Missiles
 d - 4 throwing nets
 v - 5 boomerangs
 x - 36 poisoned darts (quivered)
Armour
 h - a +1 pair of gloves of dexterity (worn)
 n - a cursed +0 robe
 t - a +1 ring mail of fire resistance (worn)
 y - the cursed +0 helmet of Vexation (worn) {rC+ rN+ Regen+}
   (You bought it in a shop on level 5 of the Dungeon)

   It protects you from cold.
   It protects you from negative energy.
   It increases your rate of regeneration.
   It has a curse placed upon it.
 B - a +2 chain mail of magic resistance
 E - a +0 cloak of poison resistance (worn)
Jewellery
 b - a ring of protection from fire (left hand)
 o - an uncursed ring of fire
Wands
 D - a wand of disintegration (21)
 K - a wand of iceblast (9)
 L - a wand of enslavement (10)
 N - a wand of flame (16)
Scrolls
 c - 2 scrolls of identify
 i - 9 scrolls of remove curse
 k - 2 scrolls of immolation {unknown}
 l - 3 scrolls of enchant armour
 q - a scroll of random uselessness {unknown}
 r - 2 scrolls of amnesia {unknown}
 u - 2 scrolls of teleportation {unknown}
 z - a scroll of acquirement {unknown}
 M - 2 scrolls of brand weapon {unknown}
Potions
 e - 2 potions of curing
 g - a potion of degeneration {unknown}
 j - a potion of berserk rage {unknown}
 p - 8 potions of heal wounds
 s - 3 potions of magic
 w - 2 potions of stabbing {unknown}
 A - a potion of invisibility {unknown}
 F - 2 potions of resistance {unknown}
 G - 2 potions of might {unknown}
Miscellaneous
 C - a phantom mirror
Comestibles
 f - 23 rations


   Skills:
 + Level 8.7(13.7) Fighting
 - Level 14.0(19.0) Short Blades
 - Level 2.1(7.1) Throwing
 + Level 5.3(10.3) Dodging
 + Level 8.9(13.9) Stealth
 + Level 4.1 Spellcasting
 + Level 4.1 Translocations


You had 16 spell levels left.
You knew the following spells:

 Your Spells              Type           Power        Failure   Level  Hunger
a - Blink                 Tloc           N/A          16%         2    ##.....

Your spell library contained the following spells:

 Spells                   Type           Power        Failure   Level  Hunger
 Beastly Appendage        Tmut           #.....       47%         1    #......
 Magic Dart               Conj           #...         47%         1    #......
 Call Imp                 Summ           #.......     63%         2    ##.....
 Slow                     Hex            #.......     63%         2    ##.....
 Sticks to Snakes         Tmut           #.......     63%         2    ##.....
 Conjure Flame            Conj/Fire      #.......     85%         3    ###....
 Mephitic Cloud           Conj/Pois/Air  #.......     85%         3    ###....
 Spider Form              Tmut/Pois      #.........   85%         3    ###....
 Ice Form                 Ice/Tmut       #.......     99%         4    #####..
 Blade Hands              Tmut           #.........   100%        5    ######.


Dungeon Overview and Level Annotations

Branches:
Dungeon (10/15)            Temple (1/1) D:5
   Lair: D:8-11         Orc: D:9-12

Altars:
Ashenzari
Cheibriados
Dithmenos
Elyvilon
Fedhas
Gozag
Hepliaklqana
Kikubaaqudgha
Makhleb
Nemelex Xobeh
Okawaru
Qazlal
Ru
Sif Muna
Trog
Uskayaw
Vehumet
Wu Jian
Xom
Yredelemnul
Zin
The Shining One

Shops:
D:5 [[   D:9 ?


Innate Abilities, Weirdness & Mutations

You are small and have problems with some larger weapons.
You are carnivorous and can eat meat at any time.
You are somewhat resistant to further mutation.


Message History

The gargoyle resists with some effort.
You hear a shout!
The gargoyle hurls a stone arrow at you.
The stone arrow hits you!!
The crimson imp blinks!
You feel more confident with your borrowed prowess.
The gargoyle hurls a stone arrow at you.
The stone arrow hits you!!
* * * LOW HITPOINT WARNING * * *
You hit the gargoyle but do no damage. You hit the gargoyle.
The gargoyle is lightly damaged.
The gargoyle closely misses you.
You hit the gargoyle but do no damage.
The gargoyle is lightly damaged.
You hit the gargoyle but do no damage.
The gargoyle is lightly damaged.
The gargoyle hurls a stone arrow at you.
The stone arrow hits you!!
You die...

########).## #5..# ..
.####.##..####...##..
..#...............#.
..#...............'
..#........5......#
..#...............#
..'.........##...##
.##.........##..9####
+#######....+...@...#
#+#####......#
#......# #.....##
#######


You could see a gargoyle and a crimson imp.

Vanquished Creatures
  2 two-headed ogres (D:9)
  A troll (D:9)
  2 hippogriffs
  Sigmund (D:4)
  Eustachio (D:5)
  A wyvern (D:9)
  3 orc warriors
  6 ogres
  2 ice beasts
  A black bear (D:9)
  2 necrophages
  3 phantoms
  5 sky beasts
  A centaur (D:5)
  4 bullfrogs
  A wyvern skeleton (D:9)
  2 scorpions
  2 howler monkeys
  2 bullfrog zombies
  2 crimson imps (D:5)
  6 jellies
  A centaur zombie (D:7)
  A quasit (D:7)
  5 hounds
  5 orc wizards
  2 centaur skeletons
  3 orc priests
  6 worker ants
  4 iguanas
  2 hound skeletons
  A howler monkey zombie (D:8)
  A worker ant zombie (D:7)
  4 gnolls (D:8)
  6 adders
  2 oozes
  2 adder skeletons (D:9)
  2 worms
  2 dart slugs (D:1)
  8 leopard geckos
  28 orcs
  8 bats
  3 giant cockroaches
  8 goblins
  8 hobgoblins
  14 jackals
  5 quokkas
  3 ball pythons
  A ball python skeleton (D:4)
  6 frilled lizards
  2 gnoll zombies (D:4)
  A jackal zombie (D:6)
  6 kobolds
  7 rats
207 creatures vanquished.

Vanquished Creatures (others)
  An orc wizard (D:4)
1 creature vanquished.

Grand Total: 208 creatures vanquished

Notes
Turn   | Place    | Note
-------+----------+-------------------------------------------
     0 | D:1      | Faels the Kobold Gladiator began the quest for the Orb.
     0 | D:1      | Reached XP level 1. HP: 12/12 MP: 1/1
    37 | D:1      | Reached skill level 1 in Stealth
    37 | D:1      | Reached XP level 2. HP: 17/18 MP: 2/2
   115 | D:1      | You fall into a shaft and drop 1 floor!
   435 | D:1      | Reached XP level 3. HP: 19/22 MP: 3/3
   623 | D:1      | Reached skill level 5 in Short Blades
  1026 | D:2      | Reached XP level 4. HP: 27/27 MP: 4/4
  1549 | D:3      | Noticed an ice beast
  1559 | D:3      | Killed an ice beast
  1559 | D:3      | Reached skill level 6 in Short Blades
  1559 | D:3      | Reached XP level 5. HP: 32/32 MP: 5/5
  1840 | D:3      | Found an ancient bone altar of Kikubaaqudgha.
  1844 | D:3      | Reached XP level 6. HP: 38/38 MP: 6/6
  2027 | D:3      | Found a hide-covered altar of Uskayaw.
  2328 | D:4      | Noticed an ogre
  2347 | D:4      | Reached skill level 7 in Short Blades
  2512 | D:4      | Killed an ogre
  2512 | D:4      | Reached XP level 7. HP: 35/43 MP: 7/7
  2927 | D:4      | Found an ornate altar of the Wu Jian Council.
  3027 | D:4      | Found a glowing golden altar of the Shining One.
  3084 | D:4      | Reached skill level 8 in Short Blades
  3084 | D:4      | Reached skill level 5 in Stealth
  3204 | D:4      | Found an iron altar of Okawaru.
  3219 | D:4      | Became a worshipper of Warmaster Okawaru
  3334 | D:4      | Found a shimmering blue altar of Sif Muna.
  3416 | D:4      | Found a basalt altar of Yredelemnul.
  3508 | D:4      | Noticed Sigmund
  3531 | D:4      | Killed Sigmund
  3531 | D:4      | Reached skill level 5 in Fighting
  3531 | D:4      | Reached XP level 8. HP: 46/49 MP: 8/8
  3630 | D:5      | Entered Level 5 of the Dungeon
  3633 | D:5      | Found a staircase to the Ecumenical Temple.
  3742 | Temple   | Entered the Ecumenical Temple
  3854 | D:5      | Reached skill level 9 in Short Blades
  4064 | D:5      | Found Ruakk's Armour Emporium.
  4106 | D:5      | Reached * piety under Okawaru
  4275 | D:5      | Found Ceuxualo's Armour Shoppe.
  4278 | D:5      | Bought a +0 cloak of poison resistance for 119 gold pieces
  4385 | D:5      | Found a sparkling altar of Nemelex Xobeh.
  4387 | D:5      | Noticed Eustachio
  4404 | D:5      | Killed Eustachio
  4404 | D:5      | Reached skill level 10 in Short Blades
  4475 | D:5      | Found a burning altar of Makhleb.
  4578 | D:6      | Reached XP level 9. HP: 49/55 MP: 9/9
  5117 | D:6      | Got a polished war axe
  5118 | D:6      | Identified the +7 war axe "Tonki" {freeze, rElec rN+} (You
                  | found it on level 6 of the Dungeon)
  5224 | D:6      | Reached skill level 11 in Short Blades
  5302 | D:7      | Reached ** piety under Okawaru
  5882 | D:7      | Gained mutation: You are somewhat resistant to further
                  | mutation. [potion of mutation]
  6080 | D:5      | Bought the cursed +0 helmet of Vexation {rC+ rN+ Regen+}
                  | for 275 gold pieces
  6230 | D:7      | Found a bloodstained altar of Trog.
  6296 | D:7      | Noticed a hippogriff
  6312 | D:7      | Killed a hippogriff
  6312 | D:7      | Reached skill level 5 in Dodging
  6398 | D:7      | Found a glowing silver altar of Zin.
  6475 | D:8      | Reached *** piety under Okawaru
  6475 | D:8      | Reached skill level 12 in Short Blades
  6481 | D:8      | Reached XP level 10. HP: 63/63 MP: 10/10
  6556 | D:8      | Learned a level 2 spell: Blink
  6789 | D:8      | Reached skill level 1 in Spellcasting
  6797 | D:8      | Reached skill level 1 in Translocations
  6939 | D:8      | Found a bloodstained altar of Trog.
  6955 | D:8      | Found a burning altar of Makhleb.
  7335 | D:9      | Found Nach's Magic Scroll Emporium.
  7343 | D:9      | Bought a scroll of identify for 26 gold pieces
  7343 | D:9      | Bought a scroll of identify for 26 gold pieces
  7377 | D:9      | Noticed a two-headed ogre
  7393 | D:9      | Killed a two-headed ogre
  7393 | D:9      | Reached skill level 13 in Short Blades
  7650 | D:9      | Reached **** piety under Okawaru
  7697 | D:9      | Noticed a two-headed ogre
  7713 | D:9      | Killed a two-headed ogre
  7816 | D:9      | Found a stormy altar of Qazlal.
  7878 | D:9      | Reached XP level 11. HP: 69/69 MP: 16/16
  7923 | D:9      | Found a blossoming altar of Fedhas.
  8501 | D:9      | Reached skill level 14 in Short Blades
  8524 | D:10     | Entered Level 10 of the Dungeon
  8590 | D:10     | Killed from afar by a gargoyle

Levels and vault maps discovered:
D:1:      ebering_trefoil_twist, layout_basic, st_stairs_4
D:2:      layout_basic, minmay_pentomino_z4
D:3:      layout_rooms, eat_drink_and_be_merry_uskayaw, old_standard_altar,
          first_ration
D:4:      layout_loops_ring, kennysheep_okawaru_gauntlet, marbit_many_paths,
          overflow_temple_1_default, old_standard_altar,
          lemuel_zombie_altar_yredelemnul, uniq_sigmund
D:5:      layout_basic, nemelex_xobeh_ov_fountains_minmay,
          makhleb_blood_cavern_becter, minmay_temple_entry_slanted,
          serial_shops, kennysheep_mini, nicolae_shop_behind_doors,
          hangedman_decor_diamond_cutter, abandoned_shop, uniq_eustachio
D:6:      layout_loops_ring
D:7:      layout_cave_pools, zin_scriptorium, lightli_temple_of_fire
D:8:      layout_loops_ring, basic_altar, bloody_trog
D:9:      layout_gridville, lemuel_coloured_pillars_altar,
          fedhas_altar_fruit_tree, serial_shops, shop_scrolls,
          chequers_serial_rivers_small_a, grunt_pizzeria
D:10:     layout_gridville, lair_entry_dummy
Temple:   dpeg_three_leaves_temple

Skill      XL: |  1  2  3  4  5  6  7  8  9 10 11 |
---------------+----------------------------------+-----
Stealth        | 1 2 3 4 5 7 8 |  8.9
Short Blades   | 5 6 7 8 10 12 13 14 | 14.0
Fighting       | 3 4 5 6 7 8 |  8.7
Dodging        | 5 |  5.3
Spellcasting   | 3 4 |  4.1
Translocations | 3 4 |  4.1
Throwing       | |  2.1

Action                   |  1- 3 |  4- 6 |  7- 9 | 10-12 || total
-------------------------+-------+-------+-------+-------++-------
Melee: Rapier            |    84 |   136 |   249 |   222 ||   691
       Dagger            |       |       |   176 |    16 ||   192
       Punch             |       |       |       |     1 ||     1
Throw: Dart              |       |     7 |    47 |    38 ||    92
       Boomerang         |       |       |    19 |       ||    19
Invok: Heroism           |       |       |     2 |     6 ||     8
Evoke: Wand              |       |       |       |     1 ||     1
  Use: Scroll            |     1 |     5 |     5 |     1 ||    12
       Potion            |       |     1 |     1 |       ||     2
 Stab: Sleeping          |     8 |     2 |    16 |     7 ||    33
       Distracted        |       |     1 |       |       ||     1
  Eat: Chunk             |     9 |     4 |    13 |     6 ||    32
Armor: Leather armour    |    17 |       |       |       ||    17
       Ring mail         |     2 |    40 |    82 |    36 ||   160
Dodge: Dodged            |    74 |   101 |   214 |   105 ||   494

Table legend:
 A = Non-vault XP
 B = Vault XP
 C = Vault XP percentage of total XP
 D = Non-vault monster count
 E = Vault monster count
 F = Vault count percentage of total count
                 A         B        C        D         E       F
            +---------+---------+-------+---------+---------+-------
      Total |    8537 |     616 |   6.7 |     196 |      12 |   5.8
            +---------+---------+-------+---------+---------+-------
        D:1 |      49 |       5 |   9.3 |      24 |       2 |   7.7
        D:2 |      54 |       2 |   3.6 |      14 |       2 |  12.5
        D:3 |     187 |       0 |   0.0 |      26 |       0 |   0.0
        D:4 |     601 |     237 |  28.3 |      20 |       5 |  20.0
        D:5 |     450 |     239 |  34.7 |      14 |       2 |  12.5
        D:6 |     730 |       0 |   0.0 |      21 |       0 |   0.0
        D:7 |    1193 |       0 |   0.0 |      24 |       0 |   0.0
        D:8 |     981 |       0 |   0.0 |      24 |       0 |   0.0
        D:9 |    4126 |     133 |   3.1 |      25 |       1 |   3.8
       D:10 |     166 |       0 |   0.0 |       4 |       0 |   0.0
            +---------+---------+-------+---------+---------+-------
